AoeStats
← [H A R D] AF

Black Forest

508288261Analyzed
4v4 RM · 11d ago on Sep 21, 2026· 29m 18s· 8 players
Game mode
Random Map
Map size
Large (8 player)
Population
200
Speed
Normal
Resources
Standard
Victory
Conquest
Starting age
Dark Age
Ending age
Imperial Age
RankedLock teamsTeams togetherTeam positionsShared explorationLock speedFull tech treeHidden civsTurbo modeCheats
Victory
Defeat
🇨🇭 Mongols · Switzerland
1408
+10
🇳🇱 Khmer · Netherlands
1267
+16
🇨🇭 Japanese · Switzerland
1236
+17
🇨🇭 Bohemians · Switzerland
1163
+20
🇧🇷 Khmer · Brazil
1340
-19
🇲🇽 Britons · Mexico
1249
-15
🇧🇷 Armenians · Brazil
1246
-15
🇦🇺 Muisca · Australia
1214
-14
[H A R D] wiealtesBROT
0:38 Loom
13:27 Feudal Age
18:35 Castle Age
16:32 Double-Bit Axe
16:29 Horse Collar
19:44 Bow Saw
19:36 Heavy Plow
23:02 Wheelbarrow
23:47 Town Watch
24:46 Fishing Lines
27:23 Hand Cart
30:42 Imperial Age
28:56 Fortified Wall
29:56 Chemistry
28:54 Gillnets
29:27 Scale Mail Armor
29:34 Squires
28:59 Pikeman
[H A R D] postrusher
1:13 Loom
10:55 Feudal Age
13:32 Double-Bit Axe
14:54 Fishing Lines
15:30 Fletching
21:49 Castle Age
19:48 Gold Mining
20:25 Horse Collar
20:40 Stone Mining
22:55 Bow Saw
22:53 Bodkin Arrow
23:09 Thumb Ring
23:22 Padded Archer Armor
25:06 Husbandry
27:33 Leather Archer Armor
[H A R D] AF
12:31 Feudal Age
16:02 Castle Age
14:29 Double-Bit Axe
14:41 Horse Collar
17:14 Bow Saw
16:59 Fishing Lines
17:53 Gillnets
18:46 Horse Collar
21:36 Heavy Plow
23:46 Stone Mining
23:46 Gold Mining
27:05 Imperial Age
25:11 Wheelbarrow
25:34 Fletching
25:58 Fortified Wall
26:10 Ballistics
26:13 Bodkin Arrow
26:19 Padded Archer Armor
26:24 Guard Tower
26:30 Murder Holes
26:47 Treadmill Crane
27:51 Bracer
28:07 Leather Archer Armor
27:40 Arrowslits
28:59 Chemistry
27:27 Elite Skirmisher
28:13 Thumb Ring
29:35 Two-Man Saw
28:23 Town Watch
29:01 Hand Cart
30:08 Ring Archer Armor
30:24 Keep
zabijucha
5:08 Loom
13:18 Feudal Age
13:53 Fishing Lines
14:00 Double-Bit Axe
19:53 Castle Age
19:30 Scale Barding Armor
20:57 Bow Saw
21:31 Chain Barding Armor
21:05 Gillnets
21:29 Bloodlines
21:20 Husbandry
27:31 Imperial Age
26:20 Forging
27:45 Iron Casting
27:25 Devotion
mairlarabe
1:01 Loom
12:55 Feudal Age
13:59 Fishing Lines
17:06 Castle Age
15:19 Double-Bit Axe
18:31 Bow Saw
22:53 Horse Collar
23:15 Stone Mining
24:45 Gold Mining
25:46 Wheelbarrow
24:56 Town Watch
26:30 Caravan
27:10 Hand Cart
27:07 Gillnets
flinT
6:44 Loom
10:43 Feudal Age
13:38 Castle Age
11:27 Horse Collar
11:55 Double-Bit Axe
15:30 Bow Saw
20:08 Heavy Plow
21:07 Wheelbarrow
21:12 Gold Mining
24:27 Gold Shaft Mining
23:45 Stone Mining
24:07 Loom
27:44 Imperial Age
25:39 Hand Cart
25:10 Town Watch
26:10 Scale Barding Armor
26:15 Forging
26:56 Ballistics
28:04 Masonry
28:42 Chain Barding Armor
28:58 Iron Casting
29:26 Chemistry
30:02 Plate Barding Armor
Komo Kazada
4:18 Loom
9:59 Feudal Age
10:00 Man-at-Arms
10:33 Double-Bit Axe
10:41 Long Swordsman
11:31 Arson
12:52 Horse Collar
15:46 Wheelbarrow
21:04 Castle Age
19:32 Stone Mining
19:50 Gold Mining
21:04 Padded Archer Armor
20:54 Fletching
21:38 Scale Mail Armor
21:32 Fletching
22:26 Bow Saw
ufokinw0tm8
10:48 Feudal Age
12:19 Loom
15:17 Castle Age
13:46 Double-Bit Axe
13:46 Horse Collar
17:06 Bow Saw
21:09 Heavy Plow
22:22 Wheelbarrow
28:29 Imperial Age
25:58 Gold Mining
26:22 Town Watch
27:00 Fletching
26:53 Treadmill Crane
27:33 Ballistics
28:47 Forging
28:37 Scale Mail Armor
28:41 Squires
29:21 Gold Shaft Mining
29:31 Sanctity
29:23 Fervor
29:42 Siege Engineers
29:55 Redemption
30:11 Illumination
30:01 Block Printing
Connection lost

Rejoining the realm…

Still unreachable

The connection could not be restored.

Session expired

The server has moved on; the page needs a fresh start.